 Dungeon Crawl Stone Soup version 0.14.1-26-g5a19342 (webtiles) character file.

527 Kae the Firebug (level 6, -1/32 HPs)
             Began as a Tengu Fire Elementalist on July 19, 2014.
             Slain by an orc wizard
             ... wielding a +2,+1 dagger
              (5 damage)
             ... on Level 4 of the Dungeon.
             The game lasted 00:07:30 (4374 turns).

Kae the Firebug (Tengu Fire Elementalist)           Turns: 4374, Time: 00:07:30

HP  -1/32        AC  4     Str  8      XL: 6   Next: 72%
MP  15/15        EV 13     Int 17      God:
Gold 154         SH  0     Dex 18      Spells:  3 memorised,  5 levels left

rFire  . . .     SeeInvis .     n - +0 mace
rCold  . . .     Clarity  .     a - +0 robe
rNeg   . . .     Conserve .     (no shield)
rPois  .         rCorr    .     (helmet restricted)
rElec  .         rRot     .     h - +0 cloak
SustAb . .       Spirit   .     g - +0 pair of gloves {Dex+3}
rMut   .         Warding  .     (boots unavailable)
Saprov . . .     Stasis   .     (no amulet)
MR     .....                    (no ring)
                                (no ring)

@: invisible, not resistant to hostile enchantments, fairly stealthy
A: able to fly, beak, talons 3
a: Fly


You were on level 4 of the Dungeon.
You were hungry.

You visited 1 branch of the dungeon, and saw 5 of its levels.

You collected 154 gold pieces.

Inventory:

Hand weapons
 n - a +0,+0 mace (weapon)
Armour
 a - a +0 robe (worn)
 g - a +0 pair of gloves of dexterity (worn)
 h - a +0 cloak (worn)
Comestibles
 c - 2 bread rations
 i - a choko
 m - a cheese
 w - a meat ration
Scrolls
 d - a scroll of random uselessness
 e - 3 scrolls of identify
 f - 3 scrolls of immolation
 k - a scroll of enchant weapon I {unknown}
 l - a scroll of fog {unknown}
 o - a scroll of recharging {unknown}
 r - a scroll of enchant armour {unknown}
 s - 2 scrolls of remove curse {unknown}
Jewellery
 q - an uncursed ring of sustenance {unknown}
 t - an uncursed ring of see invisible {unknown}
Potions
 j - 3 potions of might
 p - 2 potions of curing
 u - a potion of invisibility
 v - a potion of resistance
Books
 b - a book of Flames

   Spells                             Type                      Level
   *Flame Tongue                      Conjuration/Fire             1
   *Throw Flame                       Conjuration/Fire             2
   *Conjure Flame                     Conjuration/Fire             3
   Inner Flame                        Hexes/Fire                   3
   Sticky Flame                       Conjuration/Fire             4
   Fireball                           Conjuration/Fire             5


   Skills:
 - Level 2.1 Dodging
 - Level 2.0 Stealth
 + Level 3.2 Spellcasting
 * Level 5.3 Conjurations
 * Level 5.8 Fire Magic


You had 5 spell levels left.
You knew the following spells:

 Your Spells              Type           Power        Failure   Level  Hunger
a - Flame Tongue          Conj/Fire      ###..        1%          1    None
b - Throw Flame           Conj/Fire      ###...       2%          2    ##.....
c - Conjure Flame         Conj/Fire      ###.....     8%          3    ###....


Dungeon Overview and Level Annotations

Branches:
Dungeon (5/15)
 Temple: D:4-7

Altars:


Innate Abilities, Weirdness & Mutations

You can fly.
You have a beak for a mouth.
You have claws for feet.


Message History

The puff of flame hits you!
One of your 4 scrolls labeled VOYGHO CIKKUSM catches fire!
* * * LOW HITPOINT WARNING * * *
Read which item? (? for menu, Esc to quit)
As you read the scroll labeled YJICUPUCIL, it crumbles to dust.
It is a scroll of identify.
Identify which item? (\ to view known items) (? for menu, Esc to quit)
u - 2 potions of invisibility Identify which item? (\ to view known items) (? for menu, Esc to quit)
v - a potion of resistance Identify which item? (\ to view known items) (? for menu, Esc to quit)
f - 3 scrolls of immolation The orc wizard hits you with a dagger.
* * * LOW HITPOINT WARNING * * *
The orc priest prays to Beogh.
You feel troubled.
Drink which item? (? for menu, Esc to quit)
You fade into invisibility!
The orc wizard hits you with a dagger.
You die...

###########
..........#######################
..........##...)@oooo.........o..
..........##...##################
#.....######...# #.....######...#
####### #.%............# #.....#
#.....####.....# #.....# #.....#
#.....# #..8..# #.....# #..8..#
..... #.....# #.....# ... ..


You could see an orc priest, 2 orc wizards and an orc.

Vanquished Creatures
  A scorpion (D:4)
  An iguana (D:3)
  An orc wizard (D:3)
  A worker ant (D:3)
  4 gnolls (D:4)
  7 adders
  A shadow imp (D:4)
  2 worms
  An inept feature mimic (D:4)
  2 iguana zombies (D:4)
  3 giant geckos
  9 orcs
  A bat zombie (D:4)
  4 giant cockroaches
  9 goblins
  7 hobgoblins
  12 jackals
  A quokka (D:3)
  A ball python (D:1)
  10 bats
  A giant gecko zombie (D:4)
  A giant mite zombie (D:4)
  A giant newt (D:4)
  2 hobgoblin zombies (D:4)
  16 kobolds
  A kobold zombie (D:4)
  An orc zombie (D:4)
  10 rats
  2 rat skeletons (D:4)
113 creatures vanquished.

Notes
Turn   | Place    | Note
--------------------------------------------------------------
     0 | D:1      | Kae, the Tengu Fire Elementalist, began the quest for the Orb.
     0 | D:1      | Reached XP level 1. HP: 10/10 MP: 3/3
   375 | D:1      | Reached XP level 2. HP: 15/15 MP: 3/5
   871 | D:1      | Reached XP level 3. HP: 19/19 MP: 4/7
  1030 | D:2      | Reached skill level 4 in Fire Magic
  1416 | D:2      | Reached XP level 4. HP: 21/24 MP: 9/9
  2128 | D:3      | Learned a level 2 spell: Throw Flame
  2132 | D:3      | Learned a level 3 spell: Conjure Flame
  2435 | D:3      | Reached XP level 5. HP: 25/28 MP: 5/12
  2481 | D:5      | Entered Level 5 of the Dungeon
  3054 | D:4      | Reached skill level 5 in Fire Magic
  3309 | D:4      | Reached XP level 6. HP: 27/32 MP: 13/13
  3392 | D:3      | HP: 1/32 [iguana (10)]
  3689 | D:3      | Reached skill level 5 in Conjurations
  4374 | D:4      | Slain by an orc wizard

Action                   |  1- 3 |  4- 6 || total
-------------------------+-------+-------++-------
Melee: Unarmed           |    41 |       ||    41
       Mace              |    28 |   121 ||   149
 Cast: Flame Tongue      |    38 |    72 ||   110
       Conjure Flame     |       |     3 ||     3
       Throw Flame       |       |     5 ||     5
  Use: Potion            |       |     3 ||     3
       Scroll            |       |     2 ||     2
 Stab: Sleeping          |     2 |     2 ||     4
